AoeStats
← RueTang90

Nomad

509771235Analyzed
3v3 RM · 3d ago on Sep 28, 2026· 43m 19s· 6 players
Game mode
Random Map
Map size
210×210
Population
200
Speed
Normal
Resources
Standard
Victory
Conquest
Starting age
Dark Age
Ending age
Imperial Age
RankedLock teamsTeams togetherTeam positionsShared explorationLock speedFull tech treeHidden civsTurbo modeCheats
Victory
Defeat
🇬🇧 Saracens · United Kingdom
1247
+8
🇳🇿 Bulgarians · New Zealand
1059
+15
🇳🇿 Celts · New Zealand
978
+18
🇺🇸 Shu · United States
1059
-14
🇺🇸 Bengalis · United States
1056
-14
🇬🇧 Saxons · United Kingdom
1035
-13
RueTang90
11:06 Loom
13:47 Feudal Age
14:17 Double-Bit Axe
19:47 Castle Age
23:02 Fletching
23:14 Padded Archer Armor
23:40 Bodkin Arrow
27:42 Husbandry
27:53 Bloodlines
29:41 Wheelbarrow
29:34 Horse Collar
29:58 Light Cavalry
30:47 Scale Barding Armor
30:59 Leather Archer Armor
30:58 Town Watch
36:36 Imperial Age
36:00 Ballistics
36:58 Forging
40:33 Masonry
40:19 Murder Holes
osubuckeyes022
6:52 Loom
13:04 Feudal Age
15:35 Double-Bit Axe
16:11 Gold Mining
24:45 Castle Age
23:17 Padded Archer Armor
23:51 Fletching
26:01 Crossbowman
27:52 Bodkin Arrow
29:30 Stone Mining
30:00 Leather Archer Armor
31:30 Wheelbarrow
32:24 Bow Saw
34:14 Horse Collar
35:30 Thumb Ring
35:25 Elite Skirmisher
37:40 Hand Cart
39:07 Ballistics
43:46 Imperial Age
Her
3:48 Loom
12:52 Feudal Age
13:41 Double-Bit Axe
16:10 Horse Collar
21:58 Wheelbarrow
24:30 Castle Age
23:38 Town Watch
25:32 Scale Barding Armor
25:43 Bow Saw
24:59 Light Cavalry
26:18 Medium Warships
27:01 Forging
26:48 Gold Mining
27:01 Heavy Plow
28:22 Bloodlines
28:12 Husbandry
31:24 Fletching
34:45 Hand Cart
34:30 Guard Tower
35:16 Murder Holes
35:04 Treadmill Crane
37:05 Bodkin Arrow
37:33 Ballistics
41:49 Imperial Age
41:13 Fishing Lines
Lanyard
4:44 Loom
12:15 Feudal Age
13:40 Double-Bit Axe
16:44 Castle Age
15:41 Horse Collar
18:36 Bow Saw
18:54 Heavy Plow
23:43 Stone Mining
25:06 Gold Mining
26:42 Wheelbarrow
25:52 Town Watch
27:42 Gold Shaft Mining
27:50 Forging
29:04 Hand Cart
29:40 Iron Casting
29:13 Scale Barding Armor
30:07 Bloodlines
29:57 Husbandry
34:49 Imperial Age
33:07 Chain Barding Armor
35:09 Elite Mameluke
36:15 Conscription
37:10 Hoardings
38:15 Plate Barding Armor
38:40 Blast Furnace
41:20 Two-Man Saw
41:37 Fletching
42:13 Ballistics
42:06 Siege Engineers
42:12 Masonry
42:01 Murder Holes
42:31 Bodkin Arrow
R2C2
5:27 Loom
14:27 Feudal Age
22:31 Castle Age
23:18 Double-Bit Axe
23:18 Horse Collar
23:52 Fishing Lines
26:38 Bow Saw
26:37 Stone Mining
26:38 Gold Mining
33:03 Bloodlines
32:55 Husbandry
33:26 Light Cavalry
38:26 Imperial Age
36:30 Stirrups
38:43 Gold Shaft Mining
38:44 Stone Shaft Mining
41:50 Wheelbarrow
41:27 Heavy Plow
42:02 Gambesons
42:17 Squires
42:03 Arson
43:38 Hand Cart
Greg The Egg
4:57 Loom
12:35 Feudal Age
13:01 Fishing Lines
15:11 Double-Bit Axe
20:33 Castle Age
21:50 Bow Saw
21:34 Gillnets
22:45 Wheelbarrow
24:06 Stone Mining
24:07 Gold Mining
26:12 Town Watch
26:42 Hand Cart
27:44 Stone Shaft Mining
27:45 Gold Shaft Mining
32:07 Demolition Ship
35:41 Imperial Age
33:28 Hand Cart
33:48 Stronghold
34:44 Ballistics
34:35 Masonry
36:08 Heavy Scorpion
36:09 Capped Ram
37:24 Sanctity
37:16 Fervor
37:02 Herbal Medicine
37:51 Siege Engineers
38:47 Chemistry
38:46 Murder Holes
38:54 Gambesons
38:30 Pikeman
38:56 Arson
40:13 Scale Mail Armor
40:24 Forging
40:15 Horse Collar
40:14 Halberdier
41:31 Siege Ram
43:09 Conscription
43:25 Hoardings
43:30 Furor Celtica
Connection lost

Rejoining the realm…

Still unreachable

The connection could not be restored.

Session expired

The server has moved on; the page needs a fresh start.